Match 46672949
Unlisted

Match 46672949
End
Kettenkrad Recon Vehicle
Selects Italian Coastal Battlegroup
Selects Coastal Reserves
Coastal Reserve
Coastal Reserve
Coastal Reserve
Coastal Reserve
Medical Bunker
Construct Infanterie Kompanie
Construct Infanterie Kompanie
Selects Support Bunkers
Medical Bunker
Infanterie Officer Quarters
Selects Designated Artillery Overwatch
Designated Artillery Overwatch
Selects Bulwark
Construct Panzergrenadier Kompanie
Construct Panzergrenadier Kompanie
Designated Artillery Overwatch
Construct Panzergrenadier Kompanie
Pioneer Squad
MG 42 Bunker
Support Elements
Selects Artillery Officer
Selects Coastal Wall
Artillery Officer
Coastal Reserve
Nebelwerfer 42 Rocket Launcher Team
hinanawi
怎么绘世的猪莎公主
Willham
甜菜
Squirtle
Tatari◑。
PANDAKING
ckdgus813
0
0

Comments sign in to comment!

No comments posted yet!